 Dungeon Crawl Stone Soup version 0.31.0-4-g52a2dc7128 (webtiles) character file.

Game seed: 4784433843108024417

38 PriceMaster the Firebug (level 3, -4/21 HPs)
             Began as an Octopode Fire Elementalist on Jan 23, 2024.
             Slain by a goblin
             ... wielding a +0 club
             ... led by Robin
              (6 damage)
             ... on level 2 of the Dungeon.
             The game lasted 00:04:54 (1296 turns).

PriceMaster the Firebug (OpFE)                      Turns: 1296, Time: 00:04:55

Health: -4/21      AC:  1    Str:  7    XL:     3   Next: 43%
Magic:  2/6        EV: 13    Int: 19    God:
Gold:   101        SH:  0    Dex: 12    Spells: 0/6 levels left

rFire   + . .        d - +0 dagger
rCold   . . .        (no shield)
rNeg    . . .        (helmet restricted)
rPois   .            (no amulet)
rElec   .            b - ring of protection from fire
rCorr   .            (no ring)
SInv    .            (no ring)
Will    .....        (no ring)
Stlth   +++          (no ring)
HPRegen 0.23/turn    (no ring)
MPRegen 0.10/turn    (no ring)
                     (no ring)

%: no passive effects
@: no status effects
A: almost no armour, amphibious, 8 rings, camouflage 1, gelatinous body 1,
(nimble swimmer 1), tentacles
a: no special abilities


You were on level 2 of the Dungeon.
You visited 1 branch of the dungeon, and saw 2 of its levels.

You collected 101 gold pieces.

Inventory:

Hand Weapons
 d - a +0 dagger (weapon)
Jewellery
 b - a ring of protection from fire (left tentacle)


   Skills:
 + Level 2.1 Dodging
 + Level 3.0 Stealth
 + Level 0.1 Unarmed Combat
 + Level 2.4 Spellcasting
 + Level 1.0 Conjurations
 + Level 3.8 Fire Magic


You couldn't memorise any spells.
You knew the following spells:

 Your Spells              Type           Power      Damage    Failure   Level
a - Foxfire               Conj/Fire      44%        2x1d6     6%          1
b - Scorch                Fire           34%        2d6       4%          2
c - Inner Flame           Hex/Fire       9%         N/A       22%         3

Your spell library contained the following spells:

 Spells                   Type           Power      Damage    Failure   Level
 Volatile Blastmotes      Fire/Tloc      18%        2d11      22%         3
 Ozocubu's Armour         Ice            2%         N/A       43%         3
 Flame Wave               Conj/Fire      11%        2d6       52%         4
 Metabolic Englaciation   Hex/Ice        1%         N/A       99%         5
 Sculpt Simulacrum        Ice/Alch       1%         N/A       100%        6


Dungeon Overview and Level Annotations

Branches:
Dungeon (2/15)

Altars:

Annotations:
D:2 Robin


Innate Abilities, Weirdness & Mutations

You cannot wear most types of armour.
You are amphibious.
You can wear up to eight rings at the same time.
Your skin changes colour to match your surroundings (Stealth+).
Your rubbery body absorbs attacks. (AC +1, EV +1)
((You are camouflaged when in or above water. (Stealth+)))
You have tentacles for arms and can constrict up to eight enemies at once.


Message History

Robin is lightly wounded.
You constrict Robin. Robin closely misses you.
You hit Robin.
Robin is moderately wounded.
You constrict Robin, but do no damage.
The quokka bites you but does no damage.
Robin closely misses you.
You hit Robin but do no damage.
Robin is moderately wounded.
You constrict Robin, but do no damage. The quokka barely misses you.
Robin closely misses you. The hobgoblin barely misses you.
The quokka bites you. The goblin closely misses you.
You hit Robin. You squeeze Robin.
Robin is heavily wounded.
You constrict Robin, but do no damage.
Robin points. "Kill!"
Robin hits you with a +0 dagger. The quokka bites you.
The dart slug completely misses you.
The hobgoblin hits you with a +0 dagger.
* * * LOW HITPOINT WARNING * * *
The goblin barely misses you.
You aren't carrying any scrolls.
Casting: Foxfire (safe; 6% risk of failure)
Confirm with . or Enter, or press ? or * to list all spells.
Flames lash the hobgoblin.
The hobgoblin is heavily wounded.
The hobgoblin's fire resistance burns away.
You constrict Robin, but do no damage. Robin throws the goblin at you!
The quokka closely misses you. The hobgoblin barely misses you.
The goblin hits you with a +0 club.
* * * LOW HITPOINT WARNING * * *
Casting: Scorch (safe; 4% risk of failure)
Confirm with . or Enter, or press ? or * to list all spells.
Flames lash the dart slug.
You kill the dart slug!
You constrict Robin, but do no damage. Robin closely misses you.
The quokka bites you.
* * * LOW HITPOINT WARNING * * *
The hobgoblin misses you. The goblin hits you with a +0 club.
You die...

..###.### #.########.#
#.#..<..####.#.........
........##..........)..
.......##.............
#.....##.....######.#
#.....##.....# #..
#............# ##.
#...g.##.....# ##
#...@.##.....#
......rgg##.....#
.........##.....#
.........##.....#
.......####...>.#
....... .....# .......
.......


You could see Robin, a quokka, a hobgoblin (strong, combustible) and a goblin
(strong).

Vanquished Creatures
  A dart slug (D:2)
  2 ball pythons (D:1)
  4 bats
  4 endoplasms (D:1)
  9 goblins
  6 hobgoblins
  2 frilled lizards
  4 kobolds (D:1)
  4 rats
36 creatures vanquished.

Vanquished Creatures (others)
  58 foxfires
58 creatures vanquished.

Grand Total: 94 creatures vanquished

Notes
Turn   | Place    | Note
-------+----------+-------------------------------------------
     0 | D:1      | PriceMaster the Octopode Fire Elementalist began the quest
                  | for the Orb.
     0 | D:1      | Reached XP level 1. HP: 11/11 MP: 3/3
   121 | D:1      | Reached XP level 2. HP: 17/17 MP: 0/5
   352 | D:1      | Learned a level 2 spell: Scorch
   836 | D:2      | Reached XP level 3. HP: 21/21 MP: 4/6
   903 | D:2      | Learned a level 3 spell: Inner Flame
  1038 | D:2      | Noticed Robin
  1215 | D:2      | Found a faded altar of an unknown god.
  1296 | D:2      | Slain by a goblin

Illustrated notes

Levels and vault maps discovered:
D:1:      beargit_arrival_greenhouse, layout_rooms
D:2:      layout_basic, ebering_ecumenical_altar_sacrificial, uniq_robin,
          uniq_jessica

Skill      XL: |  1  2  3 |
---------------+----------+-----
Stealth        | 3 |  3.0
Dodging        | |  2.1
Unarmed Combat | |  0.1
Spellcasting   | |  2.4
Conjurations   | |  1.0
Fire Magic     | |  3.8

Action                     || total
---------------------------++-------
  Melee: Unarmed           ||     7
         Constrict         ||     8
         Tentacles         ||     5
         Dagger            ||    21
   Cast: Foxfire           ||    32
         Scorch            ||     9
         Inner Flame       ||     3
    Use: Scroll            ||     1
         Potion            ||     1
   Stab: Sleeping          ||     1
 Armour: Skin              ||    23
  Dodge: Dodged            ||    30
